 Dungeon Crawl Stone Soup version 0.21.1-1-g345015f (webtiles) character file.

373688 poirepourri the Slayer (level 22, -8/156 HPs)
             Began as a Gargoyle Fighter on July 15, 2018.
             Was a High Priest of Cheibriados.
             Mangled by an ettin
             ... wielding a +0 dire flail
              (11 damage)
             ... on level 4 of the Vaults.
             The game lasted 01:19:57 (43641 turns).

poirepourri the Slayer (Gargoyle Fighter)          Turns: 43641, Time: 01:19:58

Health: -8/156     AC: 52    Str: 43    XL:     22   Next: 72%
Magic:  38/38      EV: 23    Int: 29    God:    Cheibriados [*****.]
Gold:   1120       SH: 28    Dex: 34    Spells: 21/21 levels left

rFire    + . .     SeeInvis .   a - +4 eveningstar (protect)
rCold    x . .     Gourm    .   c - +5 shield
rNeg     + + .     Faith    .   X - +5 plate armour of Thoughtfulness {rPois MR++ Str+2}
rPois    ∞         Spirit   .   J - +1 helmet of Ytheih {rN+ Int+2}
rElec    +         Reflect  +   t - +2 cloak
rCorr    .         Harm     .   r - +2 pair of gloves {Str+3}
MR       ++++.                  (no boots)
Stlth    ..........             B - +3 amulet of reflection
HPRegen  0.36/turn              q - +4 ring of dexterity
MPRegen  0.26/turn              S - ring of Aprugr Gaugg {Fire MR+ MP+9}

@: mighty, protection aura, constricted, studying Shields, very slow
A: big wings, negative energy resistance 1, electricity resistance, unbreathing,
petrification resistance, rot immunity, AC +16
}: 2/15 runes: barnacled, gossamer
a: Fly, Bend Time, Temporal Distortion, Slouch, Step From Time, Renounce
Religion


You were on level 4 of the Vaults.
You worshipped Cheibriados.
Cheibriados was extremely pleased with you.
You were completely stuffed.

You visited 8 branches of the dungeon, and saw 40 of its levels.
You visited the Abyss 1 time.
You also visited: Ice Cave.

You collected 5346 gold pieces.
You spent 4226 gold pieces at shops.

Inventory:

Hand Weapons
 a - a +4 eveningstar of protection (weapon)
 b - a +3 hand crossbow of flaming
 R - a +6 flail of electrocution
Missiles
 i - 1068 bolts
 u - 33 tomahawks (quivered)
 z - 39 javelins
Armour
 c - a +5 shield (worn)
 r - a +2 pair of gloves of strength (worn)
 t - a +2 cloak (worn)
 J - the +1 helmet of Ytheih (worn) {rN+ Int+2}
   (You found it on level 9 of the Dungeon)

   It affects your intelligence (+2).
   It protects you from negative energy.
 P - the +1 pair of gloves of the Stars {rC+ Stlth+}
   (You bought it in a shop on level 1 of the Vaults)

   It protects you from cold.
   It makes you more stealthy.
 V - a scarf of resistance
 X - the +5 plate armour of Thoughtfulness (worn) {rPois MR++ Str+2}
   (You bought it in a shop on level 1 of the Vaults)

   It affects your strength (+2).
   It protects you from poison.
   It affects your resistance to hostile enchantments.
Jewellery
 e - an uncursed ring of protection from fire
 q - a +4 ring of dexterity (left hand)
 s - an uncursed ring of protection from magic
 y - an uncursed ring of protection from fire
 A - an uncursed amulet of regeneration
 B - a +3 amulet of reflection (around neck)
 E - an uncursed ring of protection from cold
 H - an uncursed ring of see invisible
 K - an uncursed ring of protection from cold
 Q - an uncursed amulet of guardian spirit
 S - the ring of Aprugr Gaugg (right hand) {Fire MR+ MP+9}
   (You found it on level 4 of the Lair of Beasts)

   [ring of fire]

   It enhances your fire magic.
   It protects you from fire.
   It makes you vulnerable to cold.
   It affects your resistance to hostile enchantments.
   It affects your magic capacity (+9).
Wands
 l - a wand of enslavement (28)
 o - a wand of iceblast (15)
 v - a wand of digging (24)
 D - a wand of polymorph (24)
 M - a wand of clouds (6)
 U - a wand of paralysis (17)
 W - a wand of disintegration (37)
Scrolls
 g - a scroll of enchant armour
 p - 13 scrolls of remove curse
 w - 4 scrolls of identify
 O - 7 scrolls of teleportation
Potions
 d - 3 potions of heal wounds
 h - 11 potions of curing
 j - 2 potions of resistance
 k - 10 potions of lignification
 F - 7 potions of ambrosia
 Y - 4 potions of cancellation
Books
 m - a book of Cantrips

   Spells                             Type                      Level
   a - Confusing Touch                Hexes                        1
   b - Animate Skeleton               Necromancy                   1
   c - Summon Small Mammal            Summoning                    1
   d - Apportation                    Translocation                1
 C - a book of Battle

   Spells                             Type                      Level
   a - Infusion                       Charms                       1
   b - Shroud of Golubria             Charms/Translocation         2
   c - Song of Slaying                Charms                       2
   d - Spectral Weapon                Hexes/Charms                 3
   e - Regeneration                   Charms/Necromancy            3
 N - a manual of Shields
Miscellaneous
 I - 3 phantom mirrors
 T - a lightning rod (4/4)
Comestibles
 f - 47 rations


   Skills:
 + Level 22.1 Fighting
 - Level 17.0 Maces & Flails
 - Level 7.0 Throwing
 - Level 9.0 Armour
 - Level 15.2 Dodging
 - Level 19.0 Shields
 - Level 9.0 Invocations
 - Level 9.6 Evocations


You had 21 spell levels left.
You didn't know any spells.

Dungeon Overview and Level Annotations

Branches:
Dungeon (15/15)            Temple (1/1) D:5            Lair (6/6) D:9
 Shoals (4/4) Lair:3       Spider (4/4) Lair:2        Slime (0/5) Lair:5
    Orc (2/2) D:11            Elf (3/3) Orc:2        Vaults (5/5) D:13
  Crypt (0/3) Vaults:3     Depths (0/5) D:15

Altars:
Ashenzari
Cheibriados
Dithmenos
Elyvilon
Fedhas
Gozag
Hepliaklqana
Kikubaaqudgha
Makhleb
Nemelex Xobeh
Okawaru
Qazlal
Ru
Sif Muna
Trog
Uskayaw
Vehumet
Wu Jian
Xom
Yredelemnul
Zin
The Shining One
Beogh
Jiyva

Shops:
D:5 *   D:12 [   D:13 ?   Orc:2 =[*(   Elf:2 :   Elf:3 %   Vaults:1 [
Vaults:3 }


Innate Abilities, Weirdness & Mutations

You are resistant to torment.
Your stone body is resilient. (AC +16)
You are immune to poison.
Your large and strong wings let you fly indefinitely.
You resist negative energy. (rN+)
You are resistant to electric shocks. (rElec)
You can survive without breathing.
You are immune to petrification.
You are immune to rotting.


Message History

The ironbrand convoker closely misses you.
The ettin hits you but does no damage. The ettin hits you with a dire flail!!
The sphinx closely misses you. The sphinx barely misses you.
The sphinx misses you.
Unknown command.
You hit the ettin.
The ettin is heavily wounded.
You block the tentacled monstrosity's attack.
The tentacled monstrosity tentacle-slaps you!
You block the tentacled monstrosity's attack.
The tentacled monstrosity constricts you!
Unknown command.
Unknown command.
You hit the ettin.
The ettin is heavily wounded.
You block the sphinx's attack. The sphinx misses you.
You block the sphinx's attack. The ettin hits you with a dire flail!!!
* * * LOW HITPOINT WARNING * * *
The ettin hits you with a dire flail!
You die...

#..###.#.#...#.#.##
#..##..#..#.#..#..##
#######
#..'.()'...#(..'.>.#
#......
#..##..#..#.#..#..##
#......
#..###.#.#...#.#.##
#......
#.(##.###.....###.#
#......
#..##..####'####..#
#......
#..##...#[p[C.#...#
#...<..
#..##....#X@H#....#
#......
#..########[#######
#...... #..# ###
#.....) #..# #......
#..# ####### #..#
#..#########
#..#.......######
#..#.......#...≈##


You could see a tentacled monstrosity, a sphinx, an ettin and an ironbrand
convoker.

Vanquished Creatures
  Saint Roka (Elf:2)
  Nikola (Spider:4)
  A golden dragon (Vaults:4)
  A tentacled monstrosity (Vaults:4)
  2 deep elf blademasters (Elf:3)
  A deep elf master archer (Elf:3)
  A lich (Vaults:4)
  The ghost of LairdRich the Warrior, an adept MiBe of Trog (Shoals:4)
  Gastronok (Lair:2)
  A sphinx (Vaults:2)
  A storm dragon (Vaults:5)
  A shadow dragon (Vaults:5)
  Ilsuiw (Shoals:4)
  Kirke (Spider:3)
  A fire giant (Vaults:4)
  A tengu reaver (Vaults:5)
  Donald (Elf:2)
  5 deep elf sorcerers (Elf:3)
  11 vault wardens
  6 emperor scorpions
  A frost giant (Vaults:2)
  Aizul (Vaults:4)
  A curse skull (Vaults:3)
  3 ghost moths (Spider:4)
  Louise (Spider:1)
  A ghoul (Vaults:2)
  2 orc warlords
  3 deep elf elementalists (Elf:3)
  9 ironheart preservers
  Nessos (D:15)
  A vampire knight (Vaults:2)
  5 stone giants
  2 war gargoyles
  9 very ugly things
  3 deep elf demonologists (Elf:3)
  4 entropy weavers
  The ghost of Shutra the Nimble, a journeyman MfGl of Cheibriados (Lair:6)
  2 deep elf annihilators (Elf:3)
  3 spark wasps
  2 deep elf death magi (Elf:3)
  3 merfolk impalers
  An ettin (Vaults:1)
  A fire dragon (D:15)
  2 great orbs of eyes (Vaults:2)
  A crystal guardian (Vaults:4)
  7 deep elf high priests (Elf:3)
  6 yaktaur captains
  6 ogre magi
  Josephine (Shoals:1)
  32 vault guards
  Harold (Lair:1)
  6 ice dragons
  10 hydras
  3 merfolk aquamancers
  An alligator snapping turtle (Shoals:4)
  2 merfolk avatars (Shoals:1)
  A catoblepas (D:14)
  2 satyrs (Shoals:4)
  16 dancing weapons
  2 death knights
  18 two-headed ogres
  3 deep troll earth magi (Vaults:3)
  A tengu warrior (D:9)
  A deep troll shaman (Vaults:2)
  Urug (D:11)
  7 orc high priests
  A thrashing horror (Abyss:2)
  A shock serpent (shapeshifter) (Vaults:2)
  4 wretched stars (Abyss:2)
  7 deep elf knights
  3 hell knights (Abyss:2)
  15 skeletal warriors
  A sixfirhy (Abyss:2)
  A death drake (Abyss:2)
  6 unseen horrors
  5 sea snakes
  10 deep trolls
  2 shadow wraiths
  2 glowing orange brains
  A sea snake (shapeshifter) (Vaults:5)
  7 wizards
  A spriggan druid (Elf:3)
  6 deep elf archers
  8 harpies
  10 ironbrand convokers
  A phantasmal warrior (Vaults:3)
  2 necromancers
  17 fauns
  13 orb spiders
  18 orc knights
  44 deep elf magi
  44 wolf spiders
  A fire giant zombie (Vaults:2)
  A mana viper (Vaults:3)
  6 manticores
  4 orc sorcerers
  6 cyclopes
  38 ugly things
  23 slime creatures
  4 black mambas
  4 merfolk sirens
  3 water nymphs
  3 gargoyles
  3 torpor snails
  7 vault sentinels
  10 elephants
  A smoke demon (Abyss:2)
  2 ice statues (IceCv)
  A kobold demonologist (D:11)
  13 spiny frogs
  21 demonic crawlers
  A yaktaur zombie (Vaults:2)
  12 yaktaurs
  3 rime drakes
  10 komodo dragons
  5 freezing wraiths
  An efreet (D:15)
  4 ancient zymes (Abyss:2)
  17 merfolk
  6 polar bears
  6 meliai
  11 trolls
  A meliai (shapeshifter) (Elf:3)
  A yaktaur skeleton (Vaults:2)
  29 jumping spiders
  24 hornets
  2 wind drakes (Shoals:1)
  A jumping spider (shapeshifter) (D:14)
  Prince Ribbit (Lair:1)
  A queen bee (Lair:6)
  A hornet (shapeshifter) (Vaults:1)
  26 blink frogs
  A frost giant simulacrum (Vaults:1)
  3 raiju (Abyss:2)
  19 dream sheep
  A blink frog (shapeshifter) (Vaults:2)
  7 large abominations (Abyss:2)
  10 hippogriffs
  5 snapping turtles
  26 tarantellas
  13 spriggans (Lair:6)
  2 vampires
  4 shadows
  An air elemental (Elf:2)
  An ettin skeleton (Vaults:2)
  12 wraiths
  3 ynoxinuls (Abyss:2)
  55 redbacks
  27 yaks
  27 starcursed masses (Abyss:2)
  A flying skull (Vaults:3)
  5 fire elementals
  15 water elementals
  2 wyverns
  3 hogs (Spider:3)
  A chaos spawn (Abyss:2)
  20 humans (D:13)
  3 basilisks
  2 neqoxecs (Abyss:2)
  A golden eye (Abyss:2)
  2 vampire mosquitoes (D:14)
  A basilisk (shapeshifter) (Vaults:3)
  A hungry ghost (Abyss:2)
  A steam dragon (D:13)
  Edmund (D:6)
  11 wargs
  3 insubstantial wisps (Abyss:2)
  10 water moccasins
  An acid dragon (D:12)
  9 porcupines
  9 black bears
  23 ice beasts
  An elf zombie (Vaults:2)
  8 sky beasts
  49 orc warriors
  A necrophage (D:9)
  2 phantoms
  4 boggarts (Lair:6)
  22 ogres
  22 wolves
  8 centaurs
  An eye of draining (Abyss:2)
  14 crocodiles
  4 big kobolds
  The ghost of bohran the Magician, an amateur DEWz (D:3)
  23 bullfrogs
  An earth elemental (Elf:1)
  A water moccasin zombie (D:7)
  3 small abominations (Abyss:2)
  3 scorpions
  5 wights
  27 killer bees
  7 howler monkeys
  4 electric eels
  3 crimson imps
  4 bullfrog zombies
  3 centaur zombies
  4 jellies
  2 quasits
  8 hounds
  28 orc wizards
  23 orc priests
  2 iron imps (Abyss:2)
  3 bullfrog skeletons
  7 centaur skeletons
  9 iguanas
  10 worker ants
  A killer bee zombie (D:7)
  2 hound zombies
  A hound skeleton (D:7)
  2 worker ant zombies
  6 gnolls
  12 adders
  6 shadow imps
  A white imp (Abyss:2)
  An adder zombie (D:8)
  2 adder skeletons (D:4)
  3 worms
  5 leopard geckos
  95 orcs
  2 ball pythons
  4 giant cockroaches
  2 goblins
  6 hobgoblins
  9 jackals
  29 kobolds
  2 quokkas
  3 frilled lizards
  A leopard gecko zombie (D:8)
  3 rats (D:1)
  3 crawling corpses (Elf:3)
  2 lurking horrors (Abyss:2)
  3 plants
1639 creatures vanquished.

Vanquished Creatures (collateral kills)
  An ironheart preserver (Vaults:3)
  Fannar (D:11)
  A satyr (Shoals:4)
  An ironbrand convoker (Vaults:2)
  A manticore (Shoals:4)
  2 fauns (Shoals:4)
  A centaur zombie (D:11)
  A merfolk siren (Shoals:4)
  2 merfolk (Shoals:4)
  A hornet (Vaults:2)
  A redback (Spider:3)
  2 orcs (D:11)
15 creatures vanquished.

Vanquished Creatures (others)
  3 deep elf master archers (Elf:3)
  A deep elf elementalist (Elf:3)
  A stone giant (Vaults:4)
  2 merfolk javelineers (Shoals:4)
  A yaktaur captain (Vaults:2)
  A merfolk aquamancer (Shoals:4)
  4 satyrs (Shoals:4)
  2 centaur warriors
  A wizard (Vaults:1)
  2 deep elf archers
  An orc knight (Orc:2)
  2 manticores (Shoals:4)
  3 fauns (Shoals:4)
  3 cyclopes
  11 yaktaurs
  A demonic crawler (Spider:4)
  2 merfolk (Shoals:4)
  3 slime creatures (D:15)
  A dream sheep (Shoals:4)
  A human (Spider:3)
  An orc warrior (Elf:2)
  2 wights (Abyss:2)
  An electric eel (Lair:6)
  2 orcs
  A bush (Lair:6)
  22 fungi
  40 plants
115 creatures vanquished.

Grand Total: 1769 creatures vanquished

Notes
Turn   | Place    | Note
-------+----------+-------------------------------------------
     0 | D:1      | poirepourri the Gargoyle Fighter began the quest for the Orb.
     0 | D:1      | Reached XP level 1. HP: 14/14 MP: 1/1
   424 | D:1      | Reached XP level 2. HP: 16/19 MP: 2/2
  1026 | D:2      | Found a shadowy altar of Dithmenos.
  1508 | D:3      | Reached XP level 3. HP: 22/23 MP: 3/3
  1558 | D:3      | Noticed bohran's ghost (amateur DEWz)
  1569 | D:3      | Killed bohran's ghost
  1569 | D:3      | Reached XP level 4. HP: 16/28 MP: 4/4
  1796 | D:3      | You fall through a shaft!
  2227 | D:3      | Reached skill level 5 in Maces & Flails
  2289 | D:4      | Found a sparkling altar of Nemelex Xobeh.
  2289 | D:4      | Noticed a water moccasin
  2312 | D:4      | Killed a water moccasin
  2312 | D:4      | Reached XP level 5. HP: 11/32 MP: 5/5
  2315 | D:4      | Reached XP level 6. HP: 13/37 MP: 6/6
  2791 | D:4      | Found an iron altar of Okawaru.
  2792 | D:4      | Found an ornate altar of the Wu Jian Council.
  2896 | D:4      | Found a white marble altar of Elyvilon.
  2896 | D:4      | Found a stormy altar of Qazlal.
  3123 | D:4      | Reached XP level 7. HP: 37/41 MP: 7/7
  3396 | D:5      | Entered Level 5 of the Dungeon
  3415 | D:5      | Reached skill level 4 in Fighting
  3494 | D:5      | Reached skill level 5 in Fighting
  3554 | D:5      | Found an opulent altar of Gozag.
  3912 | D:5      | Found Vurec's General Store.
  3918 | D:5      | Bought a potion of agility for 44 gold pieces
  3918 | D:5      | Bought a scroll of identify for 22 gold pieces
  3918 | D:5      | Bought a scroll of identify for 22 gold pieces
  3918 | D:5      | Bought a potion of agility for 44 gold pieces
  4006 | D:5      | Found a staircase to the Ecumenical Temple.
  4019 | Temple   | Entered the Ecumenical Temple
  4249 | Temple   | Became a worshipper of Cheibriados the Contemplative
  4574 | D:6      | Reached XP level 8. HP: 46/49 MP: 8/8
  4875 | D:6      | Reached skill level 5 in Shields
  5081 | D:6      | Noticed Edmund
  5096 | D:6      | Killed Edmund
  5145 | D:6      | Reached * piety under Cheibriados
  5433 | D:6      | Found a glowing silver altar of Zin.
  6074 | D:7      | Reached XP level 9. HP: 51/54 MP: 9/9
  6495 | D:7      | Reached ** piety under Cheibriados
  6576 | D:7      | Reached skill level 10 in Shields
  6825 | D:7      | Reached skill level 1 in Dodging
  7609 | D:8      | Reached *** piety under Cheibriados
  7676 | D:8      | Reached XP level 10. HP: 59/59 MP: 10/10
  8022 | D:8      | Found a hazy altar of Hepliaklqana.
  8025 | D:8      | Found a sacrificial altar of Ru.
  8033 | D:8      | Found a radiant altar of Vehumet.
  8262 | D:8      | Found a white marble altar of Elyvilon.
  8262 | D:8      | Noticed a deep elf mage
  8262 | D:8      | Noticed a deep elf mage
  8272 | D:8      | Killed a deep elf mage
  8272 | D:8      | Reached skill level 5 in Armour
  8280 | D:8      | Killed a deep elf mage
  8780 | D:9      | Found a staircase to the Lair.
  9005 | D:9      | Noticed a two-headed ogre
  9021 | D:9      | Killed a two-headed ogre
  9098 | D:9      | Reached **** piety under Cheibriados
  9165 | D:9      | Reached skill level 10 in Maces & Flails
  9313 | D:9      | Noticed a tengu warrior
  9335 | D:9      | Reached XP level 11. HP: 64/64 MP: 11/11
  9346 | D:9      | Killed a tengu warrior
  9416 | D:9      | Found a bloodstained altar of Trog.
  9586 | D:9      | Got a shimmering helmet
  9597 | D:9      | Identified the +1 helmet of Ytheih {rN+ Int+2} (You found it on level 9 of the Dungeon)
  9669 | D:9      | Found a shattered altar of Ashenzari.
  9817 | D:10     | Entered Level 10 of the Dungeon
  9852 | D:10     | Noticed a manticore
  9857 | D:10     | Killed a manticore
  9882 | D:10     | Killed an unseen horror
  9965 | D:10     | Reached ***** piety under Cheibriados
 10141 | D:10     | Killed an unseen horror
 10284 | D:10     | Noticed a two-headed ogre
 10296 | D:10     | Killed a two-headed ogre
 10688 | D:11     | Noticed a manticore
 10694 | D:11     | Killed a manticore
 10694 | D:11     | Reached XP level 12. HP: 68/68 MP: 12/12
 10761 | D:11     | Reached skill level 6 in Fighting
 10931 | D:11     | Reached skill level 7 in Fighting
 10950 | D:11     | Reached ****** piety under Cheibriados
 10962 | D:11     | Noticed Fannar
 10971 | D:11     | Killed Fannar
 11065 | D:11     | Reached skill level 8 in Fighting
 11196 | D:11     | Found a staircase to the Orcish Mines.
 11198 | D:11     | Noticed a two-headed ogre
 11205 | D:11     | Killed a two-headed ogre
 11279 | D:11     | Reached skill level 9 in Fighting
 11462 | D:11     | Noticed Urug
 11473 | D:11     | Killed Urug
 11473 | D:11     | Reached skill level 1 in Throwing
 11632 | Lair:1   | Entered Level 1 of the Lair of Beasts
 11662 | Lair:1   | Noticed a six-headed hydra
 11671 | Lair:1   | Killed a six-headed hydra
 11676 | Lair:1   | Noticed Harold
 11691 | Lair:1   | Killed Harold
 11776 | Lair:1   | Noticed Prince Ribbit
 11790 | Lair:1   | Killed Prince Ribbit
 11805 | Lair:1   | Reached skill level 5 in Throwing
 12248 | Lair:1   | Reached XP level 13. HP: 80/80 MP: 13/13
 12494 | Lair:2   | Found a hole to the Spider Nest.
 12498 | Lair:2   | Found a frozen archway.
 12569 | Lair:2   | Noticed Gastronok
 12602 | Lair:2   | Killed Gastronok
 12612 | IceCv    | Entered an ice cave
 12957 | IceCv    | Noticed an ice dragon
 12958 | IceCv    | Noticed an ice dragon
 12967 | IceCv    | Killed an ice dragon
 12977 | IceCv    | Killed an ice dragon
 14013 | Lair:3   | Found a staircase to the Shoals.
 15024 | Lair:4   | Got a twitching amber ring
 15261 | Lair:4   | Gained mutation: Your large and strong wings let you fly indefinitely. [Gargoyle growth]
 15261 | Lair:4   | Reached XP level 14. HP: 86/86 MP: 14/14
 15270 | Lair:4   | Identified the ring of Aprugr Gaugg {Fire MR+ MP+9} (You found it on level 4 of the Lair of Beasts)
 15687 | Lair:5   | Reached skill level 15 in Shields
 15757 | Lair:5   | Found a viscous altar of Jiyva.
 15758 | Lair:5   | Found a staircase to the Slime Pits.
 15921 | Lair:5   | Reached skill level 5 in Dodging
 16692 | Lair:6   | Entered Level 6 of the Lair of Beasts
 17051 | Lair:6   | Reached skill level 1 in Invocations
 17348 | Lair:6   | Reached skill level 5 in Invocations
 17466 | Lair:6   | Reached XP level 15. HP: 73/90 MP: 20/20
 17499 | Lair:6   | Noticed Shutra's ghost (journeyman MfGl)
 17533 | Lair:6   | Killed Shutra's ghost
 18212 | Orc:1    | Entered Level 1 of the Orcish Mines
 18601 | Orc:2    | Entered Level 2 of the Orcish Mines
 18655 | Orc:2    | Found Xuiw Camnopt's Antique Weapon Boutique.
 18794 | Orc:2    | Found Hetazxiri's General Store.
 18856 | Orc:2    | Bought a potion of curing for 33 gold pieces
 18856 | Orc:2    | Bought a phantom mirror for 330 gold pieces
 18856 | Orc:2    | Bought a potion of curing for 33 gold pieces
 19119 | Orc:2    | Reached skill level 10 in Fighting
 19130 | Orc:2    | Found a staircase to the Elven Halls.
 19317 | Orc:2    | Found Ococuqen's Jewellery Boutique.
 19390 | Orc:2    | Found Yruom's Antique Armour Shoppe.
 19418 | Orc:2    | Bought a faintly glowing scale mail for 351 gold pieces
 19429 | Orc:2    | Identified the +4 scale mail of Autotheism {rElec Slay+3} (You bought it in a shop on level 2 of the Orcish Mines)
 19597 | Orc:2    | Noticed an orc warlord
 19608 | Orc:2    | Killed an orc warlord
 19608 | Orc:2    | Reached skill level 11 in Fighting
 20444 | D:12     | Found Ovyfeo's Armour Emporium.
 20450 | D:12     | Bought a +2 pair of gloves of strength for 301 gold pieces
 20499 | D:12     | Reached skill level 12 in Fighting
 21212 | D:13     | Found Haogah's Magic Scroll Boutique.
 21219 | D:13     | Bought a scroll of identify for 26 gold pieces
 21219 | D:13     | Bought a scroll of identify for 26 gold pieces
 21219 | D:13     | Bought a scroll of summoning for 123 gold pieces
 21515 | D:13     | Reached XP level 16. HP: 97/101 MP: 22/22
 21524 | D:13     | Reached skill level 15 in Maces & Flails
 21581 | D:13     | Found a gate to the Vaults.
 21968 | D:14     | Found a shadowy altar of Dithmenos.
 22818 | D:15     | Entered Level 15 of the Dungeon
 22878 | D:15     | Noticed Nessos
 22900 | D:15     | Killed Nessos
 23174 | D:15     | Found a sparkling altar of Nemelex Xobeh.
 23274 | D:15     | Reached skill level 13 in Fighting
 24334 | D:15     | Found a staircase to the Depths.
 24653 | Spider:1 | Entered Level 1 of the Spider Nest
 24687 | Spider:1 | Reached skill level 14 in Fighting
 24741 | Spider:1 | Noticed Louise
 24750 | Spider:1 | Killed Louise
 25501 | Spider:2 | Reached skill level 15 in Fighting
 25734 | Spider:2 | Reached XP level 17. HP: 109/113 MP: 23/23
 26190 | Spider:2 | Reached skill level 16 in Fighting
 26741 | Spider:3 | Reached skill level 17 in Fighting
 26745 | Spider:3 | Noticed Kirke
 26752 | Spider:3 | Killed Kirke
 27285 | Spider:4 | Entered Level 4 of the Spider Nest
 27628 | Spider:4 | Noticed Nikola
 27642 | Spider:4 | Killed Nikola
 27642 | Spider:4 | Reached skill level 18 in Fighting
 28180 | Spider:4 | Reached XP level 18. HP: 110/125 MP: 24/24
 28306 | Spider:4 | Reached skill level 10 in Dodging
 28824 | Spider:4 | Got a gossamer rune of Zot
 29160 | Shoals:1 | Entered Level 1 of the Shoals
 29406 | Shoals:1 | Identified a scroll of acquirement
 29486 | Shoals:1 | Noticed Josephine
 29495 | Shoals:1 | Killed Josephine
 30119 | Shoals:4 | Entered Level 4 of the Shoals
 30663 | Shoals:4 | Got a barnacled rune of Zot
 30719 | Shoals:4 | Noticed LairdRich's ghost (adept MiBe)
 30728 | Shoals:4 | Noticed Ilsuiw
 30749 | Shoals:4 | Killed LairdRich's ghost
 30790 | Shoals:4 | Killed Ilsuiw
 30857 | Shoals:4 | Reached XP level 19. HP: 109/130 MP: 25/25
 31174 | Elf:1    | Entered Level 1 of the Elven Halls
 31423 | Elf:1    | You fall through a shaft!
 31441 | Elf:2    | Found a runed gate.
 31441 | Elf:2    | Found a runed gate.
 31442 | Elf:2    | Found a runed gate.
 31629 | Elf:2    | Noticed Donald
 31647 | Elf:2    | Killed Donald
 31650 | Elf:2    | Found Ynuiwa's Book Shop.
 31653 | Elf:2    | Bought a manual of Shields for 1214 gold pieces
 31730 | Elf:2    | Noticed Saint Roka
 31769 | Elf:2    | Killed Saint Roka
 31818 | Elf:2    | Reached skill level 1 in Evocations
 32072 | Elf:3    | Entered Level 3 of the Elven Halls
 32482 | Elf:3    | Found Xarahet's Food Boutique.
 32494 | Elf:3    | Bought a ration for 55 gold pieces
 32494 | Elf:3    | Bought a ration for 55 gold pieces
 32711 | Elf:3    | Found a roughly hewn altar of Beogh.
 32735 | Elf:3    | Reached skill level 5 in Evocations
 32990 | Elf:3    | Noticed an Ice Fiend
 33126 | Elf:3    | Cast into level 2 of the Abyss (a deep elf demonologist)
 33591 | Abyss:2  | Reached XP level 20. HP: 125/136 MP: 26/26
 34139 | Elf:3    | Escaped the Abyss
 35240 | Elf:3    | Got an ichor-stained great mace {crush}
 35241 | Elf:3    | Identified the cursed +1 great mace of the Unspeakable One {crush, Dex+2} (You took it off a deep elf knight on level 3 of the Elven Halls)
 35267 | Elf:3    | Noticed a Tzitzimitl
 35562 | Elf:3    | Got a wavering steel amulet
 35563 | Elf:3    | Identified the amulet "Ciofa" {Inacc MR+ Dex-2 Stlth+} (You found it on level 3 of the Elven Halls)
 35938 | Vaults:1 | Entered Level 1 of the Vaults
 35982 | Vaults:1 | Found Fyucecasch's Antique Armour Shop.
 35990 | Vaults:1 | Bought a pair of warped gloves for 323 gold pieces
 35990 | Vaults:1 | Bought an embroidered scarf for 272 gold pieces
 35990 | Vaults:1 | Bought a polished plate armour for 952 gold pieces
 35996 | Vaults:1 | Identified the +1 pair of gloves of the Stars {rC+ Stlth+} (You bought it in a shop on level 1 of the Vaults)
 35997 | Vaults:1 | Identified the +5 plate armour of Thoughtfulness {rPois MR++ Str+2} (You bought it in a shop on level 1 of the Vaults)
 37400 | Vaults:2 | Reached skill level 15 in Dodging
 37840 | Vaults:2 | Reached XP level 21. HP: 141/141 MP: 28/28
 40568 | Vaults:3 | Reached skill level 19 in Fighting
 40590 | Vaults:3 | Found Dubo Lod's Gadget Shop.
 41711 | Vaults:3 | Found a staircase to the Crypt.
 41908 | Vaults:4 | Reached skill level 20 in Fighting
 42102 | Vaults:4 | Reached XP level 22. HP: 142/152 MP: 29/29
 43047 | Vaults:4 | Reached skill level 21 in Fighting
 43116 | Vaults:4 | Noticed Aizul
 43125 | Vaults:4 | Killed Aizul
 43372 | Vaults:5 | Entered Level 5 of the Vaults
 43372 | Vaults:5 | Noticed a golden dragon
 43538 | Vaults:5 | Reached skill level 22 in Fighting
 43543 | Vaults:4 | Killed a golden dragon
 43641 | Vaults:4 | HP: 3/156 [ettin/dire flail (52)]
 43641 | Vaults:4 | Mangled by an ettin

Skill      XL: |  1  2  3  4  5  6  7  8  9 10 11 12 13 14 15 16 17 18 19 20 21 22 |
---------------+-------------------------------------------------------------------+-----
Maces & Flails | 3 4 6 7 8 10 14 16 17 | 17.0
Fighting       | 5 9 12 15 18 20 22 | 22.1
Shields        | 7 10 14 15 19 | 19.0
Dodging        | 4 8 9 13 14 15 | 15.2
Armour         | 6 8 9 |  9.0
Throwing       | 6 7 |  7.0
Invocations    | 6 9 |  9.0
Evocations     | 8 9 |  9.6

Action                   |  1- 3 |  4- 6 |  7- 9 | 10-12 | 13-15 | 16-18 | 19-21 | 22-24 || total
-------------------------+-------+-------+-------+-------+-------+-------+-------+-------++-------
Melee: Flail             |    59 |   136 |   540 |   680 |  1459 |   368 |       |       ||  3242
       Eveningstar       |       |       |       |       |       |   993 |  1562 |   262 ||  2817
 Fire: Hand crossbow     |       |       |       |       |       |       |     8 |       ||     8
Throw: Tomahawk          |       |       |     3 |     3 |     6 |   130 |     2 |       ||   144
       Throwing net      |       |       |       |       |     2 |     1 |     4 |       ||     7
       Javelin           |       |       |       |       |       |       |     5 |       ||     5
Invok: Slouch            |       |       |       |       |     7 |    12 |    15 |     5 ||    39
Evoke: Wand              |       |       |       |     5 |       |    23 |    31 |     1 ||    60
       Box of beasts     |       |       |       |     2 |       |     3 |     3 |       ||     8
       Sack of spiders   |       |       |       |       |       |     2 |     5 |       ||     7
       Lightning rod     |       |       |       |       |       |       |     6 |       ||     6
  Use: Scroll            |     5 |     4 |     6 |    17 |    19 |    15 |    26 |       ||    92
       Potion            |     2 |       |     2 |     9 |     2 |    10 |    17 |     2 ||    44
 Stab: Invisible         |       |       |     3 |    13 |     3 |     5 |       |       ||    24
       Distracted        |       |       |       |     1 |       |     5 |     1 |       ||     7
  Eat: Ration            |     2 |     1 |     3 |     3 |     6 |     6 |     7 |     3 ||    31
Armor: Scale mail        |    22 |     8 |       |       |    84 |   578 |   120 |       ||   812
       Chain mail        |       |    78 |   329 |   289 |   455 |       |       |       ||  1151
       Plate armour      |       |       |       |       |       |       |   235 |    95 ||   330
Dodge: Dodged            |    14 |    33 |   168 |   294 |   630 |  1112 |   940 |   199 ||  3390
Block: Shield            |    23 |    74 |   417 |   625 |  1740 |  2123 |  2057 |   402 ||  7461
       Reflection        |       |       |       |       |    28 |   105 |   133 |    16 ||   282
